 Dungeon Crawl Stone Soup version 0.31.0-11-ge490571c62 (webtiles) character file.

Game seed: 1241543989802162176

2 browni3141 the Firebug (level 1, -2/13 HPs)
             Began as a Demonspawn Fire Elementalist on Jan 30, 2024.
             Slain by a quokka (4 damage)
             ... on level 1 of the Dungeon.
             The game lasted 00:00:11 (115 turns).

browni3141 the Firebug (DsFE)                        Turns: 115, Time: 00:00:12

Health: -2/13      AC:  2    Str:  8    XL:     1   Next: 33%
Magic:  0/3        EV: 12    Int: 15    God:
Gold:   0          SH:  0    Dex: 13    Spells: 3/4 levels left

rFire   . . .        c - +0 dagger
rCold   . . .        (no shield)
rNeg    . . .        a - +0 robe
rPois   .            (no helmet)
rElec   .            (no cloak)
rCorr   .            (no gloves)
SInv    .            (no boots)
Will    .....        (no amulet)
Stlth   ++           (no ring)
HPRegen 0.22/turn    (no ring)
MPRegen 0.08/turn

%: no passive effects
@: no status effects
A: no striking features
a: no special abilities


You were on level 1 of the Dungeon.
You visited 1 branch of the dungeon, and saw 1 of its levels.

Inventory:

Hand Weapons
 c - a +0 dagger (weapon)
Armour
 a - a +0 robe (worn)
Potions
 b - a potion of magic


   Skills:
 + Level 1.8 Dodging
 + Level 1.8 Stealth
 + Level 2.0 Spellcasting
 + Level 1.0 Conjurations
 + Level 2.7 Fire Magic


You had 3 spell levels left.
You knew the following spells:

 Your Spells              Type           Power      Damage    Failure   Level
a - Foxfire               Conj/Fire      28%        2x1d5     10%         1

Your spell library contained the following spells:

 Spells                   Type           Power      Damage    Failure   Level
 Scorch                   Fire           18%        2d5       11%         2
 Inner Flame              Hex/Fire       5%         N/A       36%         3
 Volatile Blastmotes      Fire/Tloc      10%        2d10      36%         3
 Flame Wave               Conj/Fire      7%         2d5       69%         4


Dungeon Overview and Level Annotations

Branches:
Dungeon (1/15)

Altars:


Message History

Welcome, browni3141 the Demonspawn Fire Elementalist.
The heart of this dungeon contains the astounding artefact, the Orb of Zot.
Press ? for a list of commands and other information.
Found a staircase leading out of the dungeon.
Setting a skill training target for Axes at 18.0.
Setting a skill training target for Invocations at 14.0.
Setting a skill training target for Throwing at 11.0.
A kobold comes into view. It is wielding a +0 dagger.
A kobold is nearby!
A kobold is nearby!
You conjure some foxfire!
Your foxfire dissipates!
You conjure some foxfire!
The kobold shouts!
You conjure some foxfire!
The foxfire hits the kobold.
You kill the kobold!
You are out of magic!
Your foxfire dissipates!
Your foxfire dissipates!
Your foxfire dissipates!
Magic restored.
A bat and a ball python come into view.
There are monsters nearby!
There are monsters nearby!
There are monsters nearby!
You conjure some foxfire!
The foxfire hits the bat but does no damage.
The bat completely misses you.
You conjure some foxfire!
The bat closely misses you.
You conjure some foxfire!
The foxfire hits the bat.
You kill the bat!
The foxfire hits the ball python.
You kill the ball python!
You are out of magic!
Your foxfire dissipates!
Your foxfire dissipates!
Your foxfire dissipates!
A ball python comes into view.
A ball python is nearby!
A ball python is nearby!
A ball python is nearby!
You conjure some foxfire!
The ball python hisses angrily.
A quokka comes into view.
You conjure some foxfire!
The foxfire hits the quokka.
The quokka is moderately wounded.
The foxfire hits the quokka but does no damage.
The quokka is moderately wounded.
The foxfire hits the quokka but does no damage.
The foxfire hits the quokka.
The quokka is moderately wounded.
The quokka attacks as it pursues you!
The quokka bites you but does no damage.
Casting: Foxfire (safe; 10% risk of failure)
Press: ? - help, Q - select action Dir - look around, f - activate You conjure some foxfire!
The quokka bites you.
The foxfire hits the quokka.
The quokka is severely wounded.
The foxfire hits the quokka but does no damage.
The quokka is severely wounded.
The quokka bites you but does no damage.
The quokka attacks as it pursues you! The quokka barely misses you.
The quokka bites you.
The ball python attacks as it pursues you!
The ball python bites you. The ball python closely misses you.
The quokka attacks as it pursues you! The quokka closely misses you.
Things that are here:
a +0 dagger; a stone; a kobold corpse
c - a +0 dagger (weapon)
The ball python closely misses you. The ball python barely misses you.
Casting: Foxfire (safe; 10% risk of failure)
Press: ? - help, Q - select action Dir - look around, f - activate You conjure some foxfire!
The quokka bites you. The ball python closely misses you.
The ball python grabs you. The ball python constricts you.
You escape the ball python's grasp.
The foxfire hits the ball python.
You kill the ball python!
The foxfire hits the quokka.
The quokka is severely wounded.
The quokka attacks as it pursues you! The quokka barely misses you.
The quokka bites you.
You die...

#....# #..... ### ####### #....#
# ###.##### #.....# #.....
.#.##§§.v...### #.....# ...†#
.....P...P....# #.....####....
##.........##.######.............
.......<...##............###.....
###........##...@....##....+.....
#..P...P.##....r...##..###.....
#.#.....###...§....##..# #..†.. #
###..## #........##..# #.....
##.# #........##..# ###### #.#
#............# .# #.....[...##.#
#########.. .# ..#


You could see a quokka.

Vanquished Creatures
  2 ball pythons (D:1)
  A bat (D:1)
  A kobold (D:1)
4 creatures vanquished.

Vanquished Creatures (others)
  18 foxfires (D:1)
18 creatures vanquished.

Grand Total: 22 creatures vanquished

Notes
Turn   | Place    | Note
-------+----------+-------------------------------------------
     0 | D:1      | browni3141 the Demonspawn Fire Elementalist began the quest
                  | for the Orb.
     0 | D:1      | Reached XP level 1. HP: 13/13 MP: 3/3
   115 | D:1      | Slain by a quokka

Illustrated notes

Levels and vault maps discovered:
D:1:      dpeg_arrival_orchard, layout_basic, minmay_misc_feat_encased,
          minmay_door_square, minmay_tiny_reverse_x

Action                     || total
---------------------------++-------
   Cast: Foxfire           ||    10
 Armour: Robe              ||     7
  Dodge: Dodged            ||     9
